[Event "Titled Tuesday Blitz April 18 Late 2023"]
[White "Peatman, Carter"]
[Black "Prohaszka, Peter"]
[WhiteFideId "2096480"]
[BlackFideId "726265"]
[WhiteElo "2003"]
[BlackElo "2626"]
[Result "0-1"]
[Round "01"]
[TimeControl "180+2"]
[Date "2023.04.18"]
[WhiteClock "0:00:03"]
[BlackClock "0:00:06"]

1. d4 d5 2. Bf4 c5 3. e3 cxd4 4. exd4 Nc6 5. c3 Nf6 6. Bd3 Bg4 7. Qb3 Qd7 8. Nd2 e6 9. Ngf3 Bd6 10. Bxd6 Qxd6 11. Qxb7 Rb8 12. Qa6 O-O 13. Rb1 Rb6 14. Qa4 Rfb8 15. Qc2 e5 16. dxe5 Nxe5 17. O-O Nxf3+ 18. Nxf3 Bxf3 19. gxf3 Qf4 20. Rfe1 Qxf3 21. Re3 Qf4 22. Rg3 Ng4 23. Bxh7+ Kh8 24. Bf5 Ne5 25. Kg2 Rf6 26. Rh3+ Kg8 27. Bh7+ Kf8 28. Qe2 g6 29. Re1 Re8 30. Kh1 Rf5 31. Kg2 Kg7 32. Rg3 Kxh7 33. Rh3+ Kg7 34. Rg3 Rg5 35. Qf1 Re6 36. Qe2 Rxg3+ 37. hxg3 Qf6 38. Qd2 Nc6 0-1


[Site "https://www.chess.com"]

[Event "Titled Tuesday Blitz April 18 Late 2023"]
[White "Korchmar, Vasiliy"]
[Black "crosky"]
[WhiteFideId "24131750"]
[WhiteElo "2370"]
[BlackElo "2348"]
[Result "1-0"]
[Round "01"]
[TimeControl "180+2"]
[Date "2023.04.18"]
[WhiteClock "0:01:48"]
[BlackClock "0:00:49"]

1. e4 c6 2. d4 d5 3. e5 Bf5 4. Nd2 e6 5. Nb3 Nd7 6. Nf3 h6 7. Be2 Ne7 8. O-O Qc7 9. a4 g5 10. a5 Bg7 11. c4 dxc4 12. Bxc4 Nd5 13. Bd2 O-O 14. Rc1 Qd8 15. Qe2 Qe7 16. h3 Rad8 17. Rfe1 Kh8 18. Nh2 Bh7 19. Nf1 Rg8 20. Ng3 Nf4 21. Qf3 c5 22. Bxf4 gxf4 23. Qxf4 cxd4 24. Nxd4 Qb4 25. a6 Nxe5 26. Rxe5 Rxd4 1-0


[Site "https://www.chess.com"]

[Event "Titled Tuesday Blitz April 18 Late 2023"]
[White "Fuzesabonyilaci"]
[Black "Bilych, Olexiy"]
[BlackFideId "14156504"]
[WhiteElo "2344"]
[BlackElo "2320"]
[Result "0-1"]
[Round "01"]
[TimeControl "180+2"]
[Date "2023.04.18"]
[WhiteClock "0:00:10"]
[BlackClock "0:00:28"]

1. e4 c5 2. Nf3 d6 3. d4 cxd4 4. Nxd4 Nf6 5. Nc3 a6 6. Be3 e5 7. Nb3 Be6 8. Qd2 Nbd7 9. O-O-O Be7 10. f4 Rc8 11. f5 Bc4 12. Kb1 b5 13. Bxc4 Rxc4 14. Qd3 Qc7 15. Nd2 Rc6 16. Nd5 Qb7 17. Nb3 Nxd5 18. exd5 Rc8 19. g4 Qc7 20. g5 Qc4 21. Qd2 Bd8 22. Rhg1 a5 23. Nc1 a4 24. g6 hxg6 25. fxg6 f6 26. Ne2 Rxh2 27. Rde1 Ba5 28. Qxa5 Rxe2 29. Bd2 Qxc2+ 30. Ka1 Qxd2 31. Rb1 Qxa5 0-1


[Site "https://www.chess.com"]

[Event "Titled Tuesday Blitz April 18 Late 2023"]
[White "UnknownxArmy"]
[Black "Hercegovac, Neven"]
[BlackFideId "2839135"]
[WhiteElo "2681"]
[BlackElo "2075"]
[Result "1-0"]
[Round "01"]
[TimeControl "180+2"]
[Date "2023.04.18"]
[WhiteClock "0:01:37"]
[BlackClock "0:00:27"]

1. b3 Nf6 2. Bb2 g6 3. g3 Bg7 4. Bg2 O-O 5. e4 d6 6. d4 Nbd7 7. Ne2 c5 8. Nd2 cxd4 9. Nxd4 a6 10. O-O Re8 11. Re1 Qc7 12. c4 Nc5 13. Qc2 Ng4 14. b4 Ne6 15. Nxe6 Bxe6 16. Bxg7 Kxg7 17. Rac1 Rac8 18. Qb2+ Kg8 19. Bf1 Qb6 20. Re2 Ne5 21. Re3 Ng4 22. Re2 Ne5 23. c5 Nd3 24. Qa3 Qxb4 25. Qxd3 Rxc5 26. Rxc5 Qxc5 27. Nb3 Qb4 28. Rc2 b5 29. Nd4 Bc4 30. Qd2 Qb1 31. Rc1 Qxa2 32. Qxa2 Bxa2 33. Ra1 Bc4 34. Rxa6 e5 35. Nxb5 Bxf1 36. Kxf1 Rb8 37. Nxd6 1-0


[Site "https://www.chess.com"]

[Event "Titled Tuesday Blitz April 18 Late 2023"]
[White "Vasques, Antonio Pedro Freixial"]
[Black "Horvath, Dominik"]
[WhiteFideId "1908332"]
[BlackFideId "1642561"]
[WhiteElo "2212"]
[BlackElo "2407"]
[Result "0-1"]
[Round "01"]
[TimeControl "180+2"]
[Date "2023.04.18"]
[WhiteClock "0:00:12"]
[BlackClock "0:01:13"]

1. e4 e5 2. Nf3 Nc6 3. Bc4 Nf6 4. Ng5 d5 5. exd5 b5 6. Bxb5 Qxd5 7. Bf1 e4 8. d3 Bg4 9. Be2 Bxe2 10. Qxe2 Nd4 11. Qd1 exd3 12. O-O dxc2 13. Qe1+ Be7 14. Nc3 Qd7 15. Be3 Nf5 16. Qe2 Nxe3 17. fxe3 O-O 18. Qxc2 h6 19. Nge4 Nxe4 20. Qxe4 Rfe8 21. Rad1 Bd6 22. Qd3 Rab8 23. b3 Qe6 24. Nd5 Qe5 25. g3 Rbd8 26. Rf5 Qe6 27. Rdf1 Bf8 28. Rxf7 Rxd5 29. Qc4 Qxe3+ 30. Kg2 Qe2+ 31. R1f2 Qxc4 32. bxc4 Rc5 0-1


[Site "https://www.chess.com"]

[Event "Titled Tuesday Blitz April 18 Late 2023"]
[White "Feng, Eric"]
[Black "Ward, Ieuan C"]
[WhiteFideId "30952590"]
[BlackFideId "406627"]
[WhiteElo "1785"]
[BlackElo "2323"]
[Result "0-1"]
[Round "01"]
[TimeControl "180+2"]
[Date "2023.04.18"]
[WhiteClock "0:01:27"]
[BlackClock "0:00:51"]

1. d4 Nf6 2. c4 e6 3. Nf3 b6 4. g3 Bb7 5. Bg2 Be7 6. O-O O-O 7. Nc3 Ne4 8. Qc2 Nxc3 9. bxc3 f5 10. Bf4 d6 11. Nd2 Bxg2 12. Kxg2 Nd7 13. e4 e5 14. dxe5 dxe5 15. Be3 f4 16. gxf4 exf4 17. Bd4 c5 18. Nf3 cxd4 19. cxd4 Qc7 20. Rac1 Rac8 21. e5 b5 22. c5 Qc6 23. Qb3+ Kh8 24. d5 Qg6+ 25. Kh1 Rxc5 26. Rxc5 Nxc5 27. Qxb5 Qe4 28. Kg2 Qxd5 29. Re1 g5 30. h3 h5 31. Qb1 Kg7 32. Rd1 Qc6 33. Rg1 g4 34. hxg4 hxg4 35. Qd1 Qxf3+ 36. Qxf3 gxf3+ 37. Kxf3+ Kh6 38. Rh1+ Kg6 39. Kg4 Nd3 40. Rg1 Nxe5+ 41. Kh3+ Kf5 0-1


[Site "https://www.chess.com"]

[Event "Titled Tuesday Blitz April 18 Late 2023"]
[White "Skaric, Djuro"]
[Black "Jaracz, Pawel"]
[WhiteFideId "934569"]
[BlackFideId "1102222"]
[WhiteElo "2282"]
[BlackElo "2438"]
[Result "0-1"]
[Round "01"]
[TimeControl "180+2"]
[Date "2023.04.18"]
[WhiteClock "0:00:36"]
[BlackClock "0:00:15"]

1. g3 b6 2. Bg2 Nc6 3. Nc3 Bb7 4. e4 e5 5. d3 Bb4 6. Ne2 Nge7 7. O-O O-O 8. h3 f5 9. exf5 Nxf5 10. Nd5 Bc5 11. Kh2 Kh8 12. c3 Nce7 13. Nxe7 Bxg2 14. Ng6+ hxg6 15. Kxg2 Qf6 16. d4 exd4 17. cxd4 Bxd4 18. Nf4 Qc6+ 19. Kh2 Be5 20. Qg4 Kh7 21. Nd3 Bd6 22. Bf4 Nd4 23. f3 Qc2+ 24. Nf2 Bxf4 25. gxf4 Nf5 26. Rac1 Qxb2 27. Rce1 Rae8 28. Re4 Rxe4 29. Rg1 Qxf2+ 30. Rg2 Qh4 31. fxe4 Qxg4 32. hxg4 Nd6 33. e5 Ne4 34. Rc2 c5 35. f5 gxf5 36. g5 Re8 37. a4 Nxg5 38. a5 Ne6 39. a6 b5 40. Rb2 b4 41. Rd2 Nd4 42. Kg3 b3 43. Kf4 Rb8 44. Rh2+ Kg8 45. e6 dxe6 46. Ke5 b2 47. Rxb2 Rxb2 48. Kd6 Rb6+ 0-1


[Site "https://www.chess.com"]

[Event "Titled Tuesday Blitz April 18 Late 2023"]
[White "Mihajlov, Sebastian"]
[Black "Bogaudinov, Rushan"]
[WhiteFideId "1512110"]
[BlackFideId "4129288"]
[WhiteElo "2478"]
[BlackElo "1967"]
[Result "1-0"]
[Round "01"]
[TimeControl "180+2"]
[Date "2023.04.18"]
[WhiteClock "0:00:36"]
[BlackClock "0:00:04"]

1. d4 d5 2. Nf3 Nf6 3. e3 e6 4. Bd3 c5 5. b3 Be7 6. Bb2 Nc6 7. Nbd2 O-O 8. O-O a6 9. a3 b5 10. dxc5 Bxc5 11. e4 Bb7 12. e5 Nd7 13. Qe2 Rc8 14. h4 Be7 15. h5 Nc5 16. Rad1 Nxd3 17. Qxd3 h6 18. Nh2 Qb6 19. Kh1 a5 20. Qg3 b4 21. a4 Nd4 22. Nc4 dxc4 23. Bxd4 Bc5 24. Bxc5 Qxc5 25. Ng4 Kh7 26. Qf4 Qc6 27. f3 Qc7 28. Rd6 Bd5 29. Ne3 cxb3 30. Nxd5 exd5 31. cxb3 Rcd8 32. Rd1 Rxd6 33. exd6 Qc6 34. Qf5+ Kg8 35. Qxd5 Qd7 36. Qxa5 Rd8 37. Qxb4 Qf5 38. Qb5 Qxb5 39. axb5 Kf8 40. Kh2 Ke8 41. Kg3 Kd7 42. Kf4 Rb8 43. Rd5 Re8 44. g4 1-0


[Site "https://www.chess.com"]

[Event "Titled Tuesday Blitz April 18 Late 2023"]
[White "Prieto Aranguren, Alain"]
[Black "Msellek, Ilyass"]
[WhiteFideId "2268906"]
[BlackFideId "675938"]
[WhiteElo "2209"]
[BlackElo "2302"]
[Result "1-0"]
[Round "01"]
[TimeControl "180+2"]
[Date "2023.04.18"]
[WhiteClock "0:00:17"]
[BlackClock "0:00:02"]

1. d4 d5 2. c4 c6 3. cxd5 cxd5 4. Nc3 Nc6 5. Nf3 Bf5 6. Bf4 a6 7. e3 Nf6 8. Bd3 Bxd3 9. Qxd3 e6 10. O-O Bd6 11. Bxd6 Qxd6 12. Rac1 O-O 13. Nd2 Nb4 14. Qb1 Ng4 15. g3 e5 16. dxe5 Qh6 17. Nf3 Nc6 18. Qf5 Ncxe5 19. Kg2 Nxf3 20. Kxf3 Nxh2+ 21. Kg2 Nxf1 22. Rxf1 d4 23. Nd5 Rad8 24. Rh1 g6 25. Nf6+ Kg7 26. Qe5 Qxh1+ 27. Kxh1 d3 28. f4 h5 29. Ne8+ Kh6 30. Qg7# 1-0


[Site "https://www.chess.com"]

[Event "Titled Tuesday Blitz April 18 Late 2023"]
[White "Amburgy, Ryan"]
[Black "Marchesich, Giovanni"]
[WhiteFideId "30924820"]
[BlackFideId "2824790"]
[WhiteElo "2134"]
[BlackElo "2209"]
[Result "1-0"]
[Round "01"]
[TimeControl "180+2"]
[Date "2023.04.18"]
[WhiteClock "0:01:44"]
[BlackClock "0:00:32"]

1. d4 Nf6 2. c4 c5 3. d5 b5 4. cxb5 a6 5. e3 g6 6. Nc3 Bg7 7. e4 O-O 8. a4 Bb7 9. Nf3 e6 10. Be3 exd5 11. exd5 Re8 12. Be2 axb5 13. axb5 Rxa1 14. Qxa1 Nxd5 15. Nxd5 Bxd5 16. O-O Qf6 17. Re1 d6 18. Qd1 Bb7 19. Bc4 Bxf3 20. Qxf3 Qxf3 21. gxf3 Bxb2 22. Rd1 Nd7 23. Rxd6 Ne5 24. Be2 c4 25. f4 Nd3 26. Bxd3 cxd3 27. Rxd3 Rb8 28. Rb3 Bf6 29. Kg2 Bd8 30. Kf3 Kg7 31. Ke4 Bb6 32. Kd5 Kf6 33. Kc6 Bxe3 34. fxe3 Kf5 35. b6 Ke4 36. b7 Kf3 37. Kc7 Rh8 38. Rd3 1-0


[Site "https://www.chess.com"]

[Event "Titled Tuesday Blitz April 18 Late 2023"]
[White "Martinez Ramirez, Lennis"]
[Black "Bolanos, Fernando"]
[WhiteFideId "3509079"]
[BlackFideId "3304094"]
[WhiteElo "2410"]
[BlackElo "2119"]
[Result "1-0"]
[Round "01"]
[TimeControl "180+2"]
[Date "2023.04.18"]
[WhiteClock "0:02:31"]
[BlackClock "0:02:16"]

1. c4 e6 2. Nf3 Nf6 3. d4 d5 4. Nc3 dxc4 5. e3 c5 6. Bxc4 Nc6 7. O-O cxd4 8. exd4 Be7 9. Bg5 O-O 10. a3 a6 11. Re1 b5 12. Ba2 Bb7 13. Qd2 Rc8 14. Rad1 Na5 15. Qf4 Nc4 16. Bb1 h6 17. Bxh6 gxh6 18. Qxh6 Bxf3 19. gxf3 Nxa3 20. Kh1 Rxc3 21. Rg1+ 1-0


[Site "https://www.chess.com"]

[Event "Titled Tuesday Blitz April 18 Late 2023"]
[White "Kraus, Tomas"]
[Black "Larino Nieto, David"]
[WhiteFideId "331708"]
[BlackFideId "2256444"]
[WhiteElo "2389"]
[BlackElo "2506"]
[Result "0-1"]
[Round "01"]
[TimeControl "180+2"]
[Date "2023.04.18"]
[WhiteClock "0:00:04"]
[BlackClock "0:00:31"]

1. d4 e6 2. c4 b6 3. Nc3 Bb7 4. a3 Nf6 5. d5 c6 6. e4 cxd5 7. exd5 exd5 8. cxd5 Bc5 9. Be2 O-O 10. Nf3 Re8 11. O-O a5 12. Bg5 h6 13. Bh4 Na6 14. Nd4 g5 15. Bg3 Nxd5 16. Nxd5 Bxd5 17. Nf5 Be4 18. Nd6 Bxd6 19. Bxd6 Nc5 20. Bc4 Bg6 21. f3 Ne6 22. Qd2 b5 23. Ba2 Qb6+ 24. Kh1 Rac8 25. Rac1 Qd4 26. Qxd4 Nxd4 27. Bc7 b4 28. Bxa5 b3 29. Bb1 Bxb1 30. Rxb1 Rc2 31. Bc3 Nf5 32. Rfe1 Rxe1+ 33. Rxe1 d5 34. Kg1 d4 35. Bb4 Rxb2 36. Re5 Rc2 37. Rxf5 b2 0-1


[Site "https://www.chess.com"]

[Event "Titled Tuesday Blitz April 18 Late 2023"]
[White "Tregubov, Pavel V."]
[Black "ilya2700"]
[WhiteFideId "4115341"]
[WhiteElo "2425"]
[BlackElo "2311"]
[Result "1-0"]
[Round "01"]
[TimeControl "180+2"]
[Date "2023.04.18"]
[WhiteClock "0:01:02"]
[BlackClock "0:00:01"]

1. e4 c5 2. Nf3 e6 3. c3 Nf6 4. e5 Nd5 5. d4 cxd4 6. cxd4 d6 7. Bc4 Nc6 8. O-O Be7 9. Qe2 O-O 10. Rd1 Na5 11. Bd3 Nb4 12. Nc3 Nxd3 13. Rxd3 b6 14. b4 Nc6 15. a3 a5 16. b5 Na7 17. d5 exd5 18. Nxd5 Nxb5 19. Bf4 Bf5 20. Rd2 Re8 21. Qxb5 Bf8 22. exd6 Bd7 23. Qxb6 Qxb6 24. Nxb6 Rad8 25. Nxd7 Rxd7 26. Rad1 f6 27. Kf1 a4 28. Nd4 g5 29. Bg3 h5 30. h4 gxh4 31. Bf4 Re4 32. Ne2 f5 33. f3 Re6 34. Nd4 Rf6 35. Nc6 h3 36. gxh3 h4 37. Ne7+ Rxe7 38. dxe7 Bxe7 39. Bg5 Re6 40. Bxe7 Rxe7 41. Rd8+ Kf7 42. R8d7 Kg6 43. Rxe7 1-0


[Site "https://www.chess.com"]

[Event "Titled Tuesday Blitz April 18 Late 2023"]
[White "Fajdetic, Hrvoje"]
[Black "Aldokhin, Ivan"]
[WhiteFideId "14501945"]
[BlackFideId "24115720"]
[WhiteElo "2185"]
[BlackElo "2322"]
[Result "0-1"]
[Round "01"]
[TimeControl "180+2"]
[Date "2023.04.18"]
[WhiteClock "0:00:29"]
[BlackClock "0:00:37"]

1. d4 Nf6 2. Bf4 e6 3. e3 b6 4. Be2 Bb7 5. Bf3 d5 6. c4 Bd6 7. Ne2 O-O 8. Nbc3 Bxf4 9. Nxf4 c6 10. e4 dxc4 11. e5 Nd5 12. Qd2 Na6 13. Ne4 Nxf4 14. Qxf4 Nb4 15. O-O Nd5 16. Qg3 a5 17. Nd6 Ba6 18. Bxd5 cxd5 19. f4 f5 20. Rfc1 b5 21. a3 Qb6 22. Qf2 Ra7 23. Rc3 b4 24. Rh3 Rb8 25. Qh4 Qxd4+ 26. Kh1 h6 27. Rg1 c3 28. bxc3 bxc3 29. Qg3 c2 30. Rxh6 Qxg1+ 31. Kxg1 c1=Q+ 32. Kf2 Rb2+ 0-1


[Site "https://www.chess.com"]

[Event "Titled Tuesday Blitz April 18 Late 2023"]
[White "Wieczorek, Oskar"]
[Black "Garrido, Denis"]
[WhiteFideId "1133950"]
[BlackFideId "601217"]
[WhiteElo "2418"]
[BlackElo "2308"]
[Result "1-0"]
[Round "01"]
[TimeControl "180+2"]
[Date "2023.04.18"]
[WhiteClock "0:02:23"]
[BlackClock "0:00:48"]

1. e4 e6 2. d4 d5 3. Nd2 Be7 4. Bd3 c5 5. dxc5 Nf6 6. Qe2 O-O 7. Ngf3 a5 8. O-O Na6 9. e5 Nd7 10. c4 Naxc5 11. Bc2 b6 12. Rd1 Ba6 13. b3 f5 14. Nd4 Rc8 15. N2f3 g5 16. Nb5 g4 17. Nfd4 Rf7 18. cxd5 Rg7 1-0


[Site "https://www.chess.com"]

[Event "Titled Tuesday Blitz April 18 Late 2023"]
[White "Rose, Felix"]
[Black "Sieciechowicz, Marcin"]
[WhiteFideId "5105722"]
[BlackFideId "1130170"]
[WhiteElo "2039"]
[BlackElo "2302"]
[Result "0-1"]
[Round "01"]
[TimeControl "180+2"]
[Date "2023.04.18"]
[WhiteClock "0:01:54"]
[BlackClock "0:02:02"]

1. e4 c5 2. Nf3 d6 3. d4 cxd4 4. Nxd4 Nf6 5. Nc3 a6 6. Be3 e5 7. Nb3 Be7 8. f3 Be6 9. Qd2 h5 10. O-O-O Nbd7 11. Kb1 Rc8 12. Nd5 Nxd5 13. exd5 Bf5 14. Bd3 Bxd3 15. cxd3 Nf6 16. d4 e4 17. fxe4 Nxe4 18. Qd3 Nf6 19. Qf5 Qd7 20. Qf3 Qg4 21. Rhe1 Qxf3 22. gxf3 Nxd5 23. Bg5 f6 24. Bh4 Kf7 25. Rg1 g5 26. Bg3 h4 27. Bf2 Rhe8 28. Nd2 Nf4 29. Rg4 f5 30. Rgg1 Bf6 31. Rge1 Rxe1 32. Rxe1 Nd3 33. Re2 Rc1# 0-1


[Site "https://www.chess.com"]

[Event "Titled Tuesday Blitz April 18 Late 2023"]
[White "Ng, Gary"]
[Black "Averjanov, Alexey"]
[WhiteFideId "2604914"]
[BlackFideId "14109867"]
[WhiteElo "2305"]
[BlackElo "2625"]
[Result "1/2-1/2"]
[Round "01"]
[TimeControl "180+2"]
[Date "2023.04.18"]
[WhiteClock "0:00:04"]
[BlackClock "0:00:06"]

1. d4 d5 2. Bf4 Nf6 3. e3 e6 4. Nd2 c5 5. c3 Bd6 6. Bg3 Qc7 7. Ngf3 Nbd7 8. Ne5 Nxe5 9. dxe5 Bxe5 10. Bb5+ Bd7 11. Bxd7+ Nxd7 12. Qg4 O-O 13. Nf3 Bd6 14. Rd1 Ne5 15. Qh5 Nxf3+ 16. gxf3 Rad8 17. Rg1 Bxg3 18. Rxg3 g6 19. Qh6 Qe5 20. h4 Qg7 21. Qf4 e5 22. Qa4 a6 23. h5 f5 24. hxg6 hxg6 25. Qh4 Kf7 26. f4 Rh8 27. Qg5 e4 28. Ke2 Qf6 29. Rdg1 Qxg5 30. Rxg5 Rh6 31. Rd1 Kf6 32. Rg2 b5 33. Rd2 Rh1 34. Rd1 Rxd1 35. Kxd1 Rh8 36. Rg1 Rh5 37. Ke2 g5 38. fxg5+ Rxg5 39. Rd1 Ke5 40. Rh1 Rg6 41. Rh8 Re6 42. Rf8 Rf6 43. Re8+ Kd6 44. Ra8 Kc7 45. Ra7+ Kb6 46. Rd7 Kc6 47. Ra7 Kb6 48. Rd7 d4 49. cxd4 cxd4 50. Rxd4 Kc5 51. b4+ Kc6 52. Rd8 Rd6 53. Rc8+ Kd5 54. Rc5+ Ke6 55. a4 bxa4 56. Ra5 Rb6 57. Rxa4 Kf6 58. Kd2 Kg5 59. Ke2 Kg4 60. Ke1 Kf3 61. Ra5 Kg4 62. Ra4 f4 63. exf4 Kxf4 64. Ke2 Rc6 65. Ra2 Rb6 66. Ra4 Rc6 67. Ra2 Rh6 68. Rb2 Rb6 69. Ra2 Ke5 70. Ra5+ Kd4 71. Ra2 Kc4 72. Rc2+ Kxb4 73. Ke3 Re6 74. Rb2+ Ka4 75. Ra2+ Kb5 76. f4 exf3+ 77. Kxf3 a5 78. Kf4 Re8 79. Kf3 a4 80. Re2 Kb4 81. Rxe8 a3 82. Rb8+ Kc3 83. Ke2 a2 84. Ra8 Kb2 85. Kd2 a1=Q 86. Rxa1 Kxa1 1/2-1/2


[Site "https://www.chess.com"]

[Event "Titled Tuesday Blitz April 18 Late 2023"]
[White "Mendez Fortes, Eduardo Jesus"]
[Black "Li, Hui"]
[WhiteFideId "3502376"]
[BlackFideId "15400310"]
[WhiteElo "2307"]
[BlackElo "1967"]
[Result "1-0"]
[Round "01"]
[TimeControl "180+2"]
[Date "2023.04.18"]
[WhiteClock "0:00:44"]
[BlackClock "0:00:01"]

1. e4 e5 2. Nf3 Nf6 3. d4 exd4 4. e5 Ne4 5. Qxd4 d5 6. exd6 Nxd6 7. Bd3 Nc6 8. Qe3+ Qe7 9. c3 Bf5 10. Bxf5 Nxf5 11. Qxe7+ Bxe7 12. O-O O-O 13. Nbd2 Rfe8 14. Nc4 Nd6 15. Ne3 Ne4 16. Nd5 Bd6 17. Be3 Ne7 18. Nxe7+ Rxe7 19. Nd4 a6 20. Nf5 Ree8 21. Rad1 Rad8 22. Rd4 Bc5 23. Rxe4 Rxe4 24. Bxc5 Re5 25. Ne7+ Kh8 26. b4 Re8 27. f4 R5xe7 28. Bxe7 Rxe7 29. Rd1 h5 30. Kf2 Re4 31. g3 Rc4 32. Rd3 c5 33. a3 cxb4 34. axb4 b6 35. Ke3 a5 36. bxa5 bxa5 37. Kd2 g6 38. Rd5 a4 39. Ra5 Kg7 40. Kd3 Rc7 41. Rxa4 h4 42. gxh4 Rb7 43. c4 Rb2 44. c5 Rb3+ 45. Ke4 Rc3 46. Kd5 Kf6 47. Kd6 Rd3+ 48. Kc7 Rh3 49. c6 Rxh2 50. Rc4 Rxh4 51. Kd7 Rh2 52. c7 Rd2+ 53. Kc6 Kf5 54. c8=Q+ 1-0


[Site "https://www.chess.com"]

[Event "Titled Tuesday Blitz April 18 Late 2023"]
[White "Sarkar, Justin"]
[Black "Domingo Nunez, Ruben"]
[WhiteFideId "2010011"]
[BlackFideId "22245570"]
[WhiteElo "2189"]
[BlackElo "2404"]
[Result "0-1"]
[Round "01"]
[TimeControl "180+2"]
[Date "2023.04.18"]
[WhiteClock "0:00:01"]
[BlackClock "0:01:43"]

1. d4 g6 2. e4 Bg7 3. c4 d6 4. Nc3 Nd7 5. Be3 e5 6. Nge2 Ngf6 7. f3 O-O 8. Qd2 exd4 9. Nxd4 Re8 10. Be2 Nc5 11. O-O a5 12. b3 Bd7 13. Rad1 Nh5 14. Ndb5 Ne6 15. g4 Nf6 16. e5 dxe5 17. g5 Bxb5 18. Qxd8 Raxd8 19. gxf6 Bxf6 20. Nxb5 c6 21. Nd6 Re7 22. Ne4 Bg7 23. Rxd8+ Nxd8 24. Bg5 Rd7 25. Nf6+ Bxf6 26. Bxf6 Ne6 27. Rd1 Nd4 28. Kf2 c5 29. Bxe5 b6 30. f4 Kf8 31. Bg4 f5 32. Bf3 Ke7 33. Bxd4 cxd4 34. Bd5 Kd6 35. Rxd4 Kc5 36. Rd2 a4 37. bxa4 Ra7 38. Rb2 Rxa4 39. Rb5+ Kd4 40. Rxb6 Rxa2+ 41. Kg3 Ra3+ 42. Kh4 Ke3 43. Kg5 Ra2 44. Rb7 Rxh2 45. Re7+ Kd4 46. Bg8 Rh5+ 47. Kf6 Rh4 48. Rxh7 Rxf4 49. Kxg6 Rg4+ 50. Kf7 Kxc4 51. Rh5 f4 52. Bh7 Kd4 0-1


[Site "https://www.chess.com"]

[Event "Titled Tuesday Blitz April 18 Late 2023"]
[White "Zarubitski, Viachaslau"]
[Black "Napoli, Nicolo"]
[WhiteFideId "13509373"]
[BlackFideId "813702"]
[WhiteElo "2284"]
[BlackElo "2308"]
[Result "1/2-1/2"]
[Round "01"]
[TimeControl "180+2"]
[Date "2023.04.18"]
[WhiteClock "0:00:19"]
[BlackClock "0:00:10"]

1. e4 c6 2. Nf3 d5 3. exd5 cxd5 4. Ne5 Nf6 5. d4 g6 6. Nd2 Bg7 7. Bd3 O-O 8. O-O Nc6 9. c3 Nxe5 10. dxe5 Ng4 11. Nf3 Nxe5 12. Nxe5 Bxe5 13. Bh6 Bg7 14. Qd2 e6 15. Rae1 Bxh6 16. Qxh6 Qf6 17. Re3 Qg7 18. Qh4 Bd7 19. f4 d4 20. Rh3 dxc3 21. bxc3 Rac8 22. c4 Rc5 23. Qe7 Qd4+ 24. Kh1 Bc6 25. Rxh7 Qxd3 26. Rh8+ Kxh8 27. Qxf8+ Kh7 28. Qxf7+ Kh8 29. Qf8+ Kh7 30. Qf7+ Kh8 31. Qf8+ Kh7 32. Qf7+ 1/2-1/2


[Site "https://www.chess.com"]

[Event "Titled Tuesday Blitz April 18 Late 2023"]
[White "Bueno, Alfeu Junior Varela"]
[Black "Sochacki, Christophe"]
[WhiteFideId "2108879"]
[BlackFideId "662569"]
[WhiteElo "2175"]
[BlackElo "2501"]
[Result "0-1"]
[Round "01"]
[TimeControl "180+2"]
[Date "2023.04.18"]
[WhiteClock "0:00:03"]
[BlackClock "0:00:11"]

1. e4 e6 2. d4 d5 3. Nd2 c5 4. exd5 exd5 5. Bb5+ Bd7 6. Qe2+ Be7 7. dxc5 Nf6 8. Nb3 O-O 9. Be3 Re8 10. O-O-O a5 11. a4 Nc6 12. Qd2 Nb4 13. c3 Bxb5 14. axb5 Ne4 15. Qe1 a4 16. Nd4 a3 17. cxb4 Bf6 18. Ngf3 Nxf2 19. Qxf2 Ra4 20. bxa3 Rxa3 21. Kb2 Rexe3 22. Rhe1 Reb3+ 23. Kc1 Ra1+ 24. Kd2 Ra2+ 25. Nc2 Rxc2+ 26. Kxc2 Rb2+ 27. Kc1 Rxf2 28. Rxd5 Qa8 29. Kb1 0-1


[Site "https://www.chess.com"]

[Event "Titled Tuesday Blitz April 18 Late 2023"]
[White "Adla, Diego"]
[Black "Tyagi, Kushan"]
[WhiteFideId "100072"]
[BlackFideId "2040069"]
[WhiteElo "2377"]
[BlackElo "2292"]
[Result "1-0"]
[Round "01"]
[TimeControl "180+2"]
[Date "2023.04.18"]
[WhiteClock "0:01:58"]
[BlackClock "0:00:51"]

1. c4 c5 2. Nf3 Nc6 3. d4 cxd4 4. Nxd4 Nf6 5. Nc3 a6 6. e4 e6 7. Nxc6 dxc6 8. Qxd8+ Kxd8 9. Bf4 Bc5 10. O-O-O+ Ke7 11. f3 b5 12. Be2 Nd7 13. a3 e5 14. Bd2 Nb6 15. b4 Bd4 16. c5 Nd7 17. Bd3 Nf8 18. Ne2 Ne6 19. Bc2 f6 20. Bb3 Rd8 21. Kc2 Bf2 22. f4 Nd4+ 23. Nxd4 Bxd4 24. h3 Be6 25. Bxe6 Kxe6 26. f5+ Ke7 27. Rhf1 Rd7 28. g4 a5 29. bxa5 Bxc5 30. Bb4 Bd6 31. Rxd6 Rxd6 32. Rd1 Rd8 33. Bc5 g5 34. a6 h6 35. a7 1-0


[Site "https://www.chess.com"]

[Event "Titled Tuesday Blitz April 18 Late 2023"]
[White "Leiva, Gianmarco"]
[Black "Smith, Garrett L"]
[WhiteFideId "3804399"]
[BlackFideId "2024829"]
[WhiteElo "2345"]
[BlackElo "2288"]
[Result "1-0"]
[Round "01"]
[TimeControl "180+2"]
[Date "2023.04.18"]
[WhiteClock "0:00:06"]
[BlackClock "0:00:05"]

1. e4 c5 2. Nf3 Nc6 3. Bb5 e6 4. O-O Nge7 5. a4 g6 6. Re1 Bg7 7. Bf1 d5 8. exd5 Nxd5 9. d3 O-O 10. Nbd2 b6 11. Nc4 Bb7 12. a5 Nxa5 13. Nxa5 bxa5 14. Ne5 Nb4 15. Nc4 a4 16. Rxa4 Qd5 17. Na5 Bc8 18. Be2 Qd7 19. c3 Nd5 20. Bf3 Rb8 21. Qc2 Ba6 22. Nc4 Bb5 23. Ra1 Rfd8 24. Bg5 f6 25. Bh4 Nf4 26. Red1 Nxd3 27. b3 Bxc4 28. bxc4 Rb2 29. Qa4 Qxa4 30. Rxa4 Rbb8 31. Bg3 Ne5 32. Rxd8+ Rxd8 33. Bxe5 fxe5 34. Rxa7 Rd3 35. Bg4 Rxc3 36. g3 Kf8 37. Bxe6 Rc1+ 38. Kg2 h5 39. h4 Bh6 40. Rf7+ Ke8 41. Rc7 Rc2 42. Kf3 Bf8 43. Bd5 Kd8 44. Rc6 Be7 45. Rxg6 Rc3+ 46. Kg2 Rc2 47. Re6 Re2 48. Kf1 Rb2 49. Rxe5 Bf6 50. Rxh5 Bd4 51. Rf5 Rb1+ 52. Kg2 Rb2 53. h5 1-0


[Site "https://www.chess.com"]

[Event "Titled Tuesday Blitz April 18 Late 2023"]
[White "lluiss"]
[Black "Atanasov, Anthony"]
[BlackFideId "2623897"]
[WhiteElo "2287"]
[BlackElo "2326"]
[Result "1-0"]
[Round "01"]
[TimeControl "180+2"]
[Date "2023.04.18"]
[WhiteClock "0:00:15"]
[BlackClock "0:01:22"]

1. Nf3 d5 2. d4 Bf5 3. c4 e6 4. Qb3 Nc6 5. Bd2 Rb8 6. g3 Nf6 7. Bg2 Ne4 8. O-O Be7 9. cxd5 exd5 10. e3 O-O 11. Nc3 Na5 12. Qxd5 Qxd5 13. Nxd5 Nc4 14. Nxe7+ Kh8 15. Nxf5 Nexd2 16. Nxd2 Nxd2 17. Rfd1 Nc4 18. b3 Nb6 19. e4 Rfe8 20. Ne3 Nc8 21. Rac1 c6 22. d5 cxd5 23. Nxd5 Nd6 24. Rc7 Nxe4 25. Bxe4 Rxe4 26. Rxf7 Re2 27. Ne3 h6 28. Rdd7 Rg8 29. Rxb7 Rxa2 30. Rxa7 Rb2 31. Ng4 h5 32. Nh6 h4 33. Nxg8 h3 34. Ra1 Kxg8 35. Rf3 Kh7 36. g4 Kg6 37. Rxh3 Kg5 38. Rg3 Kh4 39. Kg2 g5 40. Rh3+ Kxg4 41. Ra4+ Kf5 42. Rg3 Rb1 43. Ra5+ Kf4 44. Raxg5 Ke4 45. R5g4+ Kf5 46. b4 Rb2 47. b5 Kf6 48. b6 Kf5 49. Rg6 Kf4 50. h4 Kf5 51. h5 Kf4 52. h6 Rb5 53. Rh3 Rd5 54. h7 Rd8 55. h8=Q Ra8 56. Qxa8 1-0


[Site "https://www.chess.com"]